 Seeded DCSS version 0.32-a0-675-gdc239d6 (webtiles) character file.

Game seed: 6208192386555719764 (custom seed)

1456 edsrzf the Covert (level 8, -1/37 HPs)
             Began as a Spriggan Artificer on Mar 10, 2024.
             Was an Initiate of Vehumet.
             Killed from afar by an orc wizard (3 damage)
             ... with a magic dart
             ... on level 6 of the Dungeon on Mar 11, 2024.
             The game lasted 00:19:10 (6357 turns).

edsrzf the Covert (Spriggan Artificer)              Turns: 6357, Time: 00:19:10

Health: -1/37      AC:  2    Str:  8    XL:     8   Next: 47%
Magic:  13/13      EV: 17    Int: 15    God:    Vehumet [......]
Gold:   268        SH:  0    Dex: 15    Spells: 9/12 levels left

rFire   . . .        a - +2 dagger (chaos)
rCold   + . .        (no shield)
rNeg    + . .        j - +0 robe
rPois   .            (helmet restricted)
rElec   .            (no cloak)
rCorr   .            (gloves unavailable)
SInv    +            (boots unavailable)
Will    .....        (no amulet)
Stlth   +++++        i - ring of positive energy
HPRegen 0.26/turn    v - ring of protection from cold
MPRegen 0.13/turn

%: no passive effects
@: weak-willed, very quick
A: very small, no large weapons, unfitting armour, see invisible, speed 3
a: Renounce Religion


You were on level 6 of the Dungeon.
You worshipped Vehumet.
Vehumet was noncommittal.
You visited 2 branches of the dungeon, and saw 7 of its levels.

You collected 333 gold pieces.
You spent 65 gold pieces at shops.

Inventory:

Hand Weapons
 a - a +2 dagger of chaos (weapon)
 b - a +0 sling of freezing
Armour
 g - an orb of mayhem
 j - a +0 robe (worn)
Jewellery
 i - a ring of positive energy (left hand)
 k - a ring of resist corrosion
 v - a ring of protection from cold (right hand)
Wands
 c - a wand of acid (2) (quivered)
 d - a wand of charming (17)
 e - a wand of polymorph (8)
Scrolls
 l - a scroll of brand weapon
 m - 2 scrolls of teleportation {@r3}
 o - 2 scrolls of immolation
 s - a scroll of enchant armour {unknown}
 u - a scroll of noise {unknown}
 x - a scroll of amnesia {unknown}
Potions
 f - a potion of curing
 p - a potion of resistance
 r - a potion of haste
 t - a potion of lignification
 w - a potion of brilliance {unknown}


   Skills:
 - Level 0.7 Fighting
 + Level 7.3 Short Blades
 - Level 3.2 Dodging
 - Level 11.0 Stealth
 + Level 2.9 Spellcasting
 + Level 2.1 Earth Magic
 - Level 4.0 Evocations


You had 9 spell levels left.
You knew the following spells:

 Your Spells              Type           Power      Damage    Failure   Level
a - Stone Arrow           Conj/Erth      10%        3d7       36%         3

Your spell library contained the following spells:

 Spells                   Type           Power      Damage    Failure   Level
 Freeze                   Ice            8%         1d3       21%         1
 Summon Small Mammal      Summ           8%         N/A       21%         1
 Call Canine Familiar     Summ           2%         N/A       52%         3
 Frozen Ramparts          Ice            4%         1d1       52%         3
 Hailstorm                Conj/Ice       2%         3d5       52%         3
 Summon Ice Beast         Ice/Summ       2%         N/A       52%         3
 Animate Armour           Summ/Erth      10%        N/A       78%         4
 Summon Blazeheart Golem  Fire/Summ      2%         N/A       90%         4
 Summon Mana Viper        Hex/Summ       2%         N/A       99%         5
 Sculpt Simulacrum        Ice/Alch       1%         N/A       100%        6
 Monstrous Menagerie      Summ           1%         N/A       100%        7
 Lehudib's Crystal Spear  Conj/Erth      2%         10d2      100%        8


Dungeon Overview and Level Annotations

Branches:
Dungeon (6/15)             Temple (1/1) D:4

Altars:
Ashenzari
Cheibriados
Dithmenos
Elyvilon
Hepliaklqana
Makhleb
Nemelex Xobeh
Okawaru
Qazlal
Sif Muna
Trog
Uskayaw
Vehumet
Wu Jian
Xom
Yredelemnul
Zin
The Shining One

Shops:
D:2 ![??   D:4 ((:   D:5 =

Annotations:
D:5 2 transporters
D:6 Prince Ribbit


Innate Abilities, Weirdness & Mutations

You are very small and have problems with some larger weapons.
You are too small for most types of armour.
You have supernaturally acute eyesight. (SInv)
You cover ground extremely quickly. (Speed+++)


Message History

Aim: an orc wizard, wielding a +0 dagger and wearing a +0 robe (ally target) Attack!
An orc priest comes into view. It is wielding a +0 club.
The orc wizard points at you and mumbles some strange words.
Prince Ribbit resists with some effort.
The orc wizard hits Prince Ribbit with a +0 dagger.
Prince Ribbit hits the orc wizard but does no damage.
The orc wizard points at you and mumbles some strange words.
The magic dart hits Prince Ribbit!
Prince Ribbit barely misses the orc wizard.
Prince Ribbit misses the orc wizard.
The orc wizard misses Prince Ribbit.
The orc priest invokes the aid of Beogh against you.
Beogh smites you!
Prince Ribbit barely misses the orc wizard.
The orc wizard gestures wildly while chanting.
The orc wizard flickers and vanishes for a moment.
The orc priest calls down the wrath of Beogh upon you.
The orc wizard writhes in agony.
What are your orders? t - Shout!
Orders for allies: a - Attack new target. p - Attack previous target. r - Retreat! s - Stop attacking. g - Guard the area. f - Follow me.
Anything else - Cancel.
Gang up on whom?
Press: ? - help, Dir - move target, f/p - orc wizard
Aim: an orc wizard, wielding a +0 dagger and wearing a +0 robe (moderately wounded, slightly transparent)
The orc wizard is invisible, and you have no allies that can see it.
Unknown command.
What are your orders? t - Shout!
Orders for allies: a - Attack new target. p - Attack previous target. r - Retreat! s - Stop attacking. g - Guard the area. f - Follow me.
Anything else - Cancel.
Gang up on whom?
Press: ? - help, Dir - move target, f - orc priest, p - orc wizard
Aim: an orc priest, wielding a +0 club and wearing a +0 leather armour Attack!
Prince Ribbit blinks!
The orc wizard points at you and mumbles some strange words.
You are confused.
You're too confused to move!
An orc comes into view.
It is wielding a +1 short sword of protection.
You bump into the rock wall.
Prince Ribbit blinks!
The orc wizard gestures at you while chanting.
You easily resist.
You bump into the rock wall.
Prince Ribbit is no longer charmed.
You bump into the rock wall.
The orc wizard hits you with a +0 dagger.
You hit the orc wizard.
The orc wizard's magic leaks into the air.
The orc wizard is severely wounded.
The orc priest hits you with a +0 club. The orc wizard completely misses you.
You closely miss the orc priest.
Prince Ribbit blinks!
Unknown command.
You miss the orc wizard.
The orc wizard is severely wounded.
You feel less confused. The orc priest barely misses you.
The orc wizard barely misses you.
The orc wizard hits you with a +0 dagger.
You see here an adder corpse.
The orc wizard gestures at you while chanting.
You easily resist.
The orc wizard hits you with a +0 dagger.
You see here an adder corpse.
The orc wizard's magic is no longer disrupted.
The orc priest attacks as it pursues you!
The orc priest hits you but does no damage.
You hit the orc priest.
The orc priest is moderately wounded.
The orc priest mumbles some strange prayers to Beogh against you.
You struggle to resist.
You hit the orc priest.
You feel better.
The orc priest is severely wounded.
Prince Ribbit blinks!
You hit the orc priest.
You feel better.
The orc priest is almost dead.
The orc priest misses you.
You closely miss the orc priest.
The orc priest is almost dead.
Prince Ribbit misses you.
The orc priest looks encouraged for a moment.
You hit the orc priest but do no damage.
You drain the orc priest.
You kill the orc priest!
Vehumet accepts your kill. Prince Ribbit completely misses you.
You hit Prince Ribbit.
Prince Ribbit is moderately wounded.
Prince Ribbit hits you! Prince Ribbit hits you!
* * * LOW HITPOINT WARNING * * *
The orc wizard hits you with a +0 dagger.
* * * LOW HITPOINT WARNING * * *
Prince Ribbit blinks!
The orc wizard points at you and mumbles some strange words.
The magic dart hits you.
You die...

#..###+###.#.# ##.##
#..#####....+_+ ....# #.#
......$...# ### #...# #.#
...#####..# ### #.#.# #.#
#...#######...#####.#
#.$)o.ยง.............#
.......##..############.#
.####..##.## #.# #..##@#
#.# #.........# #.#
#..######## #.# #..# #.#
#.. ###


You could see an orc wizard (invisible).

Vanquished Creatures
  Grinder (D:3)
  2 ice beasts
  An ogre (D:5)
  A phantom (D:5)
  A bullfrog (D:6)
  3 scorpions
  2 hounds (D:5)
  A jelly (D:5)
  5 orc priests
  Ijyb (D:3)
  3 iguanas
  Natasha (thrice) (D:3)
  2 orc wizards (D:5)
  11 adders
  A shadow imp (D:5)
  A dart slug (D:1)
  2 ribbon worms (D:2)
  11 orcs
  6 endoplasms
  4 giant cockroaches
  7 goblins
  11 hobgoblins
  3 quokkas
  4 ball pythons
  6 bats
  5 frilled lizards
  8 kobolds
  6 rats
112 creatures vanquished.

Vanquished Creatures (others)
  An orc wizard (D:5)
1 creature vanquished.

Grand Total: 113 creatures vanquished

Notes
Turn   | Place    | Note
-------+----------+-------------------------------------------
     0 | D:1      | edsrzf the Spriggan Artificer began the quest for the Orb.
     0 | D:1      | Reached XP level 1. HP: 9/9 MP: 2/2
    87 | D:1      | Reached skill level 2 in Stealth
   468 | D:1      | Reached skill level 3 in Stealth
   526 | D:1      | Reached XP level 2. HP: 13/14 MP: 3/3
   873 | D:1      | Reached skill level 4 in Stealth
  1433 | D:2      | Reached XP level 3. HP: 17/17 MP: 4/4
  1443 | D:2      | Identified 2 potions of curing
  1446 | D:2      | Reached skill level 5 in Stealth
  1534 | D:2      | Noticed a scorpion
  1542 | D:2      | Found Titsusol's Magic Scroll Shop.
  1550 | D:2      | Bought a scroll of identify for 26 gold pieces
  1550 | D:2      | Bought a scroll of teleportation for 39 gold pieces
  1550 | D:2      | Identified a potion of heal wounds
  1557 | D:2      | Found Zor Vuu's Magic Scroll Boutique.
  1727 | D:2      | Found Gipu's Antique Armour Emporium.
  1803 | D:3      | Noticed Grinder
  1904 | D:2      | Reached skill level 1 in Short Blades
  1937 | D:2      | Reached XP level 4. HP: 21/21 MP: 5/5
  2032 | D:2      | Reached skill level 6 in Stealth
  2159 | D:2      | Found Biedenid's Distillery.
  2240 | D:2      | Killed a scorpion
  2241 | D:2      | Reached skill level 2 in Short Blades
  2241 | D:2      | Reached XP level 5. HP: 25/25 MP: 6/6
  2488 | D:3      | Identified a potion of ambrosia
  2493 | D:3      | Identified a potion of resistance
  2568 | D:3      | Noticed Ijyb
  2575 | D:3      | Killed Ijyb
  2576 | D:3      | Reached skill level 3 in Short Blades
  2576 | D:3      | Reached skill level 7 in Stealth
  2621 | D:3      | Found a shimmering blue altar of Sif Muna.
  2649 | D:3      | Found a shimmering altar of Xom.
  2693 | D:3      | Noticed Natasha
  2695 | D:3      | Killed Natasha
  2792 | D:3      | Found a shadowy altar of Dithmenos.
  2935 | D:3      | Killed Grinder
  2936 | D:3      | Reached skill level 4 in Short Blades
  2936 | D:3      | Reached skill level 8 in Stealth
  2936 | D:3      | Reached XP level 6. HP: 29/29 MP: 7/7
  2936 | D:3      | Noticed Natasha
  2945 | D:3      | Killed Natasha
  2963 | D:3      | Noticed Natasha
  2966 | D:3      | Killed Natasha
  3259 | D:3      | Found a hide-covered altar of Uskayaw.
  3263 | D:3      | Upgraded the game from 0.32-a0-673-g3729bd5 to
                  | 0.32-a0-675-gdc239d6
  3315 | D:4      | Found a radiant altar of Vehumet.
  3367 | D:4      | Reached skill level 9 in Stealth
  3408 | D:4      | Reached XP level 7. HP: 8/32 MP: 8/8
  3625 | D:4      | Found a snail-covered altar of Cheibriados.
  3774 | D:4      | Found a bloodstained altar of Trog.
  3813 | D:4      | Found a glowing silver altar of Zin.
  4018 | D:4      | Found Qoddyil's Book Emporium.
  4019 | D:4      | Found Jilaw's Weapon Shop.
  4020 | D:4      | Found Xiepso's Antique Weapon Shop.
  4274 | D:4      | Found a staircase to the Ecumenical Temple.
  4352 | Temple   | Entered the Ecumenical Temple
  4435 | D:4      | Became a worshipper of Vehumet
  4480 | D:5      | Entered Level 5 of the Dungeon
  4724 | D:4      | Reached skill level 5 in Short Blades
  4989 | D:5      | Found a transporter.
  4991 | D:5      | Found Raimnogh's Jewellery Boutique.
  5012 | D:5      | Learned a level 3 spell: Stone Arrow
  5028 | D:5      | Reached skill level 10 in Stealth
  5037 | D:5      | Found a transporter.
  5154 | D:5      | Reached skill level 6 in Short Blades
  5404 | D:5      | Identified a potion of haste
  5405 | D:5      | Identified a potion of lignification
  5531 | D:5      | Reached XP level 8. HP: 37/37 MP: 9/9
  5564 | D:5      | Reached skill level 11 in Stealth
  6017 | D:6      | Reached skill level 1 in Spellcasting
  6017 | D:6      | Reached skill level 1 in Earth Magic
  6060 | D:6      | Identified 2 scrolls of brand weapon
  6061 | D:6      | Identified 3 scrolls of immolation
  6066 | D:6      | Found a glowing golden altar of the Shining One.
  6094 | D:6      | Noticed Prince Ribbit
  6097 | D:6      | Reached skill level 7 in Short Blades
  6097 | D:6      | Reached skill level 2 in Spellcasting
  6121 | D:6      | Found an iron altar of Okawaru.
  6121 | D:6      | Found a white marble altar of Elyvilon.
  6301 | D:6      | Found a broken altar of Ashenzari.
  6314 | D:6      | Identified a scroll of vulnerability
  6321 | D:6      | Reached skill level 2 in Earth Magic
  6355 | D:6      | HP: 1/37 [orc wizard/+0 dagger (2)]
  6357 | D:6      | Killed from afar by an orc wizard

Illustrated notes

Levels and vault maps discovered:
D:1:      heliophobic_arrival_battle_scene, layout_basic
D:2:      layout_basic, serial_shops, nicolae_diamond_shop,
          nicolae_shop_waterfront, nicolae_shop_back_alley_shop,
          nicolae_diamond_shop
D:3:      layout_basic, marbit_many_paths, mainiacjoe_overflow_alcove_4,
          mainiacjoe_overflow_big_doors, uniq_grinder, uniq_natasha, uniq_ijyb
D:4:      layout_layer_cave, mainiacjoe_overflow_brackets,
          mainiacjoe_overflow_paths, mainiacjoe_overflow_alcove_2,
          old_standard_altar, temple_hall, nicolae_wooded_promenade
D:5:      layout_cave_pods, serial_shops, nicolae_shop_drivethru
D:6:      layout_basic, tso_metal_star, lemuel_doored_altar,
          jmf_multi_god_temple, portal_sewer_entry_a, uniq_prince_ribbit1
Temple:   hellmonk_temple_rainy

Skill      XL: |  1  2  3  4  5  6  7  8 |
---------------+-------------------------+-----
Stealth        | 3 4 5 6 8 9 10 11 | 11.0
Short Blades   | 1 2 4 6 7 |  7.3
Spellcasting   | 2 |  2.9
Earth Magic    | 2 |  2.1
Fighting       | |  0.7
Dodging        | |  3.2
Evocations     | |  4.0

Action                     |  1- 3 |  4- 6 |  7- 9 || total
---------------------------+-------+-------+-------++-------
  Melee: Club              |   123 |       |       ||   123
         Dagger            |    22 |   112 |   145 ||   279
   Fire: Sling             |    25 |    49 |       ||    74
  Evoke: Wand              |    12 |    13 |     6 ||    31
    Use: Potion            |     2 |     1 |     1 ||     4
         Scroll            |     1 |     2 |     5 ||     8
   Stab: Sleeping          |     6 |     3 |    13 ||    22
         Distracted        |       |       |     1 ||     1
 Armour: Robe              |    65 |    29 |    42 ||   136
  Dodge: Dodged            |   130 |    60 |    67 ||   257

Table legend: (Time is in decaauts)
 A = Elapsed time spent in this place.
 B = Non-inter-level travel time spent in this place.
 C = Inter-level travel time spent in this place.
 D = Time resting spent in this place.
 E = Time spent auto-exploring this place.
 F = Levels seen in this place.
 G = Mean time per level.
                   A        B        C        D        E       F      G
               +--------+--------+--------+--------+--------+-----+--------+
         Total |   4405 |   4077 |    328 |    591 |   1920 |   7 |  629.3 |
       Dungeon |   4400 |   4076 |    324 |    591 |   1920 |   6 |  733.3 |
        Temple |      5 |      2 |      3 |      0 |      0 |   1 |    5.0 |
               +--------+--------+--------+--------+--------+-----+--------+

Top non-repeatable levels by time:
     D:4: 1023 daAuts
     D:1: 1004 daAuts
     D:5: 736 daAuts
     D:2: 705 daAuts
     D:3: 688 daAuts
     D:6: 242 daAuts
  Temple: 5 daAuts
